 Dungeon Crawl Stone Soup version 0.28.0-1-gb440e238dd (webtiles) character file.

Game seed: 12456943879015125021

28 arthad the Poker (level 3, -1/23 HPs)
             Began as an Octopode Wanderer on Feb 20, 2022.
             Slain by Jessica (4 damage)
             ... on level 2 of the Dungeon.
             The game lasted 00:02:34 (883 turns).

arthad the Poker (Octopode Wanderer)                 Turns: 883, Time: 00:02:35

Health: -1/23      AC:  1    Str:  9    XL:     3   Next: 12%
Magic:  3/6        EV: 12    Int: 14    God:
Gold:   50         SH:  4    Dex: 15    Spells: 5/6 levels left

rFire   . . .      SeeInvis .   a - +2 spear
rCold   . . .      Faith    .   b - +0 buckler
rNeg    . . .      Spirit   .   (helmet restricted)
rPois   .          Reflect  .   f - amulet of the acrobat
rElec   .          Harm     .   (no ring)
rCorr   .          Rampage  .   (no ring)
Will    .....                   (no ring)
Stlth   +++.......              (no ring)
HPRegen 0.07/turn               (no ring)
MPRegen 0.10/turn               (no ring)
                                (no ring)
                                (no ring)

@: no status effects
A: almost no armour, amphibious, 8 rings, camouflage 1, gelatinous body 1,
(nimble swimmer 1), tentacles
a: no special abilities


You were on level 2 of the Dungeon.
You visited 1 branch of the dungeon, and saw 2 of its levels.

You collected 50 gold pieces.

Inventory:

Hand Weapons
 a - a +2 spear (weapon)
 d - a +0 dagger of speed
Armour
 b - a +0 buckler (worn)
Jewellery
 f - an amulet of the acrobat (around mantle)
Scrolls
 c - a scroll of immolation {unknown}
Potions
 e - a potion of brilliance {unknown}


   Skills:
 * Level 1.5 Fighting
 * Level 4.2 Polearms
 + Level 0.5 Dodging
 + Level 1.1 Stealth
 + Level 2.2 Shields
 + Level 2.1 Spellcasting
 + Level 1.2 Fire Magic


You had 5 spell levels left.
You knew the following spells:

 Your Spells              Type           Power      Damage    Failure   Level
a - Foxfire               Conj/Fire      12%        2x1d4     24%         1

Your spell library contained the following spells:

 Spells                   Type           Power      Damage    Failure   Level
 Ignite Poison            Fire/Tmut/Pois 2%         N/A       61%         3


Dungeon Overview and Level Annotations

Branches:
Dungeon (2/15)

Altars:

Annotations:
D:2 Jessica, Terence


Innate Abilities, Weirdness & Mutations

You cannot wear most types of armour.
You are amphibious.
You can wear up to eight rings at the same time.
Your skin changes colour to match your surroundings (Stealth+).
Your rubbery body absorbs attacks. (AC +1, EV +1)
((You are camouflaged when in or above water. (Stealth+)))
You have tentacles for arms and can constrict up to eight enemies at once.


Message History

You are poisoned.
The adder poisons you!
You hit the adder.
You kill the adder!
You feel sick.
Jessica points at you and mumbles some strange words.
Pain shoots through your body!
You have reached level 3!
Your experience leads to an increase in your attributes!
Increase (S)trength, (I)ntelligence, or (D)exterity?
You feel clever. x2
Casting: Foxfire (safe; 24% risk of failure)
Press: ? - help, Q - select action Dir - look around, f - activate You conjure some foxfire!
You feel sick. You block Jessica's attack.
Casting: Foxfire (safe; 24% risk of failure)
Press: ? - help, Q - select action Dir - look around, f - activate You conjure some foxfire!
You feel sick.
The foxfire hits Jessica but does no damage.
The foxfire hits Jessica.
Jessica is lightly wounded.
Jessica points at you and mumbles some strange words.
Pain shoots through your body!
You are too injured to fight recklessly!
You hit Jessica. Your grab misses Jessica.
Jessica is moderately wounded.
You feel sick.
You are no longer poisoned.
The foxfire hits Jessica.
Jessica is heavily wounded.
The foxfire hits Jessica.
Jessica is heavily wounded.
Jessica hits you with a +0 dagger.
* * * LOW HITPOINT WARNING * * *
Casting: Foxfire (safe; 24% risk of failure)
Press: ? - help, Q - select action Dir - look around, f - activate You conjure some foxfire!
Jessica hits you with a +0 dagger.
You die...

.................#
...###..##.##....#
........##.##....#
...####.##.##....####
....# #.##.####.....#
.....##.##.# #.....#
............ #.....#
....###.##..###v§...#
###... ##.....v@.[.#
.... ........@..#
###. ..#..#..#### #
##..... ##.#.. ..#...
.###?.. ## #....


You could see Jessica (ally target).

Vanquished Creatures
  An adder (D:2)
  An endoplasm (D:1)
  2 giant cockroaches (D:1)
  3 hobgoblins (D:1)
  A quokka (D:1)
  A ball python (D:1)
  3 bats (D:1)
  A frilled lizard (D:1)
  3 kobolds
  3 rats (D:1)
19 creatures vanquished.

Vanquished Creatures (others)
  5 foxfires
5 creatures vanquished.

Grand Total: 24 creatures vanquished

Notes
Turn   | Place    | Note
-------+----------+-------------------------------------------
     0 | D:1      | arthad the Octopode Wanderer began the quest for the Orb.
     0 | D:1      | arthad set off with the following items: a +2 spear, a +0
                  | buckler; and the following spell memorised: Foxfire; and
                  | the following spells available to memorise: Ignite Poison
     0 | D:1      | Reached XP level 1. HP: 13/13 MP: 3/3
   225 | D:1      | Reached XP level 2. HP: 18/18 MP: 5/5
   816 | D:2      | Noticed Terence
   850 | D:2      | Reached skill level 1 in Stealth
   876 | D:2      | Noticed Jessica
   880 | D:2      | Reached XP level 3. HP: 17/23 MP: 6/6
   883 | D:2      | Slain by Jessica

Illustrated notes

Levels and vault maps discovered:
D:1:      mrwooster_arrival_statue_2, layout_loops_ring
D:2:      layout_rooms, hellmonk_ecumenical_altar_defaced_shrine, uniq_terence,
          uniq_jessica

Skill      XL: |  1  2 |
---------------+-------+-----
Stealth        | 1 |  1.1
Fighting       | |  1.5
Polearms       | |  4.2
Dodging        | |  0.5
Shields        | |  2.2
Spellcasting   | |  2.1
Fire Magic     | |  1.2

Action                   || total
-------------------------++-------
Melee: Spear             ||    39
       Tentacles         ||     5
       Constrict         ||     5
 Cast: Foxfire           ||     4
 Stab: Sleeping          ||     5
Armor: Skin              ||     2
Dodge: Dodged            ||    14
Block: Buckler           ||     2
